 Dungeon Crawl Stone Soup version 0.13-a0-2382-gbc6a47d (webtiles) character file.

152 ManOfSteam the Charlatan (level 3, -1/27 HPs)
             Began as a Mummy Artificer on July 14, 2013.
             Slain by a gnoll
             ... wielding a +0,+0 halberd
              (6 damage)
             ... on Level 2 of the Dungeon.
             The game lasted 00:15:40 (1756 turns).

ManOfSteam the Charlatan (Mummy Artificer)          Turns: 1756, Time: 00:15:40

HP  -1/27        AC  5     Str 14      XL: 3   Next: 80%
MP   4/4         EV  9     Int 11      God:
Gold 92          SH  0     Dex 13      Spells:  0 memorised,  2 levels left

Res.Fire  : x . .   See Invis. : .   a - +0 short sword
Res.Cold  : + . .   Warding    : .   j - +0 ring mail
Life Prot.: + + +   Conserve   : .   (no shield)
Res.Poison: +       Res.Corr.  : .   (no helmet)
Res.Elec. : .       Clarity    : .   (no cloak)
Sust.Abil.: . .     Spirit.Shd : .   (no gloves)
Res.Mut.  : .       Stasis     : .   (no boots)
Res.Rott. : +       Flight     : .   (no amulet)
Saprovore : . . .                    (no ring)
                                     (no ring)

@: very slightly contaminated, slightly resistant to hostile enchantments, very
unstealthy
A: no food or potions, fire vulnerability, restore body, cold resistance 1, life
protection 3, poison resistance, torment resistance, unbreathing
a: no special abilities


You were on level 2 of the Dungeon.
You were not hungry.

You visited 1 branch of the dungeon, and saw 2 of its levels.

You collected 72 gold pieces.

Inventory:

Hand weapons
 a - a +0,+0 short sword (weapon)
 i - a +0,+0 dagger
Missiles
 f - 15 darts of frost (quivered)
 h - 26 stones
 p - 2 poisoned darts
 s - 25 sling bullets
Armour
 e - a +0 leather armour
 j - a +0 ring mail (worn)
Magical devices
 b - a wand of flame (8)
 c - a wand of enslavement (8)
 d - a wand of random effects (10)
Comestibles
 t - 8 grapes
Scrolls
 g - a scroll of recharging
 k - a scroll of remove curse {unknown}
 l - a scroll of teleportation {unknown}
 n - a scroll of blinking
 r - a scroll of curse weapon {unknown}
Jewellery
 o - an uncursed ring of protection from magic {unknown}
Potions
 m - a potion of confusion {unknown}


   Skills:
 + Level 1.5 Fighting
 + Level 1.0 Short Blades
 + Level 0.1 Throwing
 + Level 0.8 Armour
 + Level 2.1 Dodging
 + Level 0.7 Stealth
 + Level 1.9 Traps
 + Level 3.0 Evocations


You had 2 spell levels left.
You didn't know any spells.

Dungeon Overview and Level Annotations

Branches:
Dungeon (2/27)

Altars:


Innate Abilities, Weirdness & Mutations

You do not eat or drink.
Your flesh is vulnerable to fire.
Your flesh is cold resistant.
You are immune to negative energy.
Your system is resistant to poisons.
You are immune to unholy pain and torment.
You can survive without breathing.


Message History

What do you say? t - Shout!
Orders for allies: a - Attack new target. r - Retreat! s - Stop attacking. w - Wait here. f - Follow me.
Anything else - Stay silent.
Gang up on whom?
Press: ? - help, Dir - move target cursor, f - gnoll
Aim: a gnoll, wielding a halberd Attack!
Your jackal misses the gnoll.
Your jackal bites the gnoll.
Evoke which item? (* to show all) (? for menu, Esc to quit)
Zapping:
b - a wand of flame (9)
Press: ? - help, Shift-Dir - straight line, f/p - gnoll
Aim: a gnoll, wielding a halberd (lightly wounded)
The puff of flame hits the gnoll.
The gnoll is heavily wounded.
This wand has 8 charges left.
Your jackal closely misses the gnoll.
The gnoll hits you from afar with a halberd.
You die...

... #.. #.. ...
#.### #...
#.#.###..######
.................
#@.# #..# #gh#
##.
#..#######......
#.>............#
##.####h...###.#
#.# #..### #.#
#..# #+# #..#


You could see a gnoll and a friendly jackal.

Vanquished Creatures
  3 gnolls (D:2)
  3 giant geckos (D:1)
  A ball python (D:1)
  A giant cockroach (D:1)
  5 hobgoblins (D:1)
  7 jackals
  6 bats
  2 giant newts (D:1)
  3 goblins (D:1)
  4 kobolds (D:1)
  3 rats (D:1)
38 creatures vanquished.

Vanquished Creatures (collateral kills)
  A hobgoblin (D:1)
  2 jackals (D:1)
  A kobold (D:1)
4 creatures vanquished.

Grand Total: 42 creatures vanquished

Notes
Turn   | Place    | Note
--------------------------------------------------------------
     0 | D:1      | ManOfSteam, the Mummy Artificer, began the quest for the Orb.
     0 | D:1      | Reached XP level 1. HP: 16/16 MP: 1/1
   338 | D:1      | Reached XP level 2. HP: 15/22 MP: 2/2
   764 | D:1      | Reached skill level 1 in Short Blades
  1112 | D:1      | Reached XP level 3. HP: 27/27 MP: 4/4
  1734 | D:2      | Reached skill level 3 in Evocations
  1756 | D:2      | Slain by a gnoll

Action                   || total
-------------------------++-------
Melee: Short sword       ||   143
Throw: Dart              ||     2
Evoke: Wand              ||    19
  Use: Scroll            ||     3
